 Dungeon Crawl Stone Soup version 0.31-a0-1-g4198be8af4 (webtiles) character file.

Game seed: 7414862484938095764

36254 NateTC the Severer (level 13, -1/125 HPs)
             Began as a Hill Orc Fighter on May 1, 2023.
             Was the Champion of Okawaru.
             Slain by a death yak (12 damage)
             ... in the Arena.
             The game lasted 00:23:27 (15028 turns).

NateTC the Severer (Hill Orc Fighter)              Turns: 15028, Time: 00:23:28

Health: -1/125     AC: 23    Str: 30    XL:     13   Next: 89%
Magic:  11/18      EV:  9    Int:  8    God:    Okawaru [******]
Gold:   1403       SH:  5    Dex: 10    Spells: 12/12 levels left

rFire   . . .        b - +2 hand axe (flame)
rCold   + . .        E - +0 buckler {rC+}
rNeg    + . .        u - +0 plate armour
rPois   .            H - +2 hat
rElec   .            k - scarf {repulsion}
rCorr   .            (no gloves)
SInv    .            C - +1 pair of boots {rampage}
Will    +++..        B - amulet of the Four Winds {rN+ Will+++ Clar} Stlth
                     n - +6 ring of strength
HPRegen 0.40/turn    q - +4 ring of protection
MPRegen 0.16/turn

%: repel missiles, clarity, rampage
@: duelling
A: no striking features
a: Renounce Religion, Heroism, Finesse, Duel


You were in the Arena.
You worshipped Okawaru.
Okawaru was exalted by your worship.
You visited 2 branches of the dungeon, and saw 13 of its levels.
You also visited: Ice Cave.

You collected 1639 gold pieces.
You spent 236 gold pieces at shops.

Inventory:

Hand Weapons
 a - a +5 broad axe of freezing
 b - a +2 hand axe of flaming (weapon)
 D - a +0 war axe of protection
Armour
 k - a scarf of repulsion (worn)
 u - a +0 plate armour (worn)
 C - a +1 pair of boots of rampaging (worn)
 E - a +0 buckler of cold resistance (worn)
 H - a +2 hat (worn)
Jewellery
 c - a +4 ring of protection
 n - a +6 ring of strength (left hand)
 q - a +4 ring of protection (right hand)
 s - an amulet of the acrobat
 B - the amulet of the Four Winds (around neck) {rN+ Will+++ Clar}
   (You found it on level 8 of the Dungeon)

   [amulet of nothing]

   rN:        It protects you from negative energy.
   Clar:      It protects you from confusion, rage, mesmerisation and fear.
   Will:      It greatly increases your willpower.
 F - a ring of protection from fire
 G - a +6 ring of intelligence
 J - a +6 ring of strength
 L - a +4 ring of protection
 M - an amulet of reflection
Wands
 d - a wand of flame (42)
 g - a wand of light (8)
 o - a wand of roots (10)
 x - a wand of polymorph (8)
 z - a wand of mindburst (13)
Scrolls
 f - 8 scrolls of teleportation
 p - 2 scrolls of fog
 r - 2 scrolls of vulnerability
 w - a scroll of magic mapping
 y - 2 scrolls of amnesia
 I - 3 scrolls of identify
Potions
 e - 5 potions of invisibility
 h - a potion of berserk rage
 i - 3 potions of mutation
 j - 2 potions of lignification
 l - 2 potions of ambrosia
 m - 8 potions of curing
 t - a potion of might
 v - 3 potions of attraction
 A - 2 potions of flight
 K - a potion of magic {unknown}


   Skills:
 - Level 14.4 Fighting
 * Level 17.9 Axes
 + Level 11.8 Armour
 - Level 4.8 Dodging
 - Level 7.6 Shields
 - Level 7.0 Invocations
 - Level 3.6 Evocations


You had 12 spell levels left.
You didn't know any spells.
Your spell library contained the following spells:

 Spells                   Type           Power      Damage    Failure   Level
 Sandblast                Erth           0%         2d4       97%         1
 Sting                    Tmut/Pois      0%         1d3       97%         1
 Passwall                 Tmut/Erth      0%         N/A       99%         2
 Poisonous Vapours        Pois/Air       0%         N/A       99%         2
 Gell's Gravitas          Tloc           0%         N/A       100%        3
 Stone Arrow              Conj/Erth      0%         3d7       100%        3
 Teleport Other           Tloc           0%         N/A       100%        3
 Olgreb's Toxic Radiance  Pois           0%         N/A       100%        4
 Passage of Golubria      Tloc           0%         N/A       100%        4
 Petrify                  Tmut/Erth      0%         N/A       100%        4
 Fireball                 Conj/Fire      0%         3d3       100%        5
 Iskenderun's Battlesphe  Conj           0%         2d6       100%        5
 Metabolic Englaciation   Hex/Ice        0%         N/A       100%        5
 Yara's Violent Unravell  Hex/Tmut       0%         3d3       100%        5
 Conjure Ball Lightning   Conj/Air       0%         3x3d6     100%        6
 Dispersal                Tloc           0%         N/A       100%        6
 Eringya's Noxious Bog    Tmut/Pois      0%         N/A       100%        6
 Statue Form              Tmut/Erth      0%         N/A       100%        6
 Orb of Destruction       Conj           0%         9d5       100%        7
 Lehudib's Crystal Spear  Conj/Erth      0%         10d2      100%        8
 Tukima's Dance           Hex            Unusable   N/A       N/A         3
 Animate Armour           Summ/Erth      Unusable   N/A       N/A         4
 Summon Forest            Summ/Tloc      Unusable   N/A       N/A         5
 Summon Hydra             Summ           Unusable   N/A       N/A         7

Dungeon Overview and Level Annotations

Branches:
Dungeon (8/15) Zot: 25288  Temple (0/1) D:7            Lair (5/5) D:8 Zot: 24789
  Swamp (0/4) Lair:2        Snake (0/4) Lair:3        Slime (0/5) Lair:4
  IceCv (visited)

Altars:
Makhleb
Nemelex Xobeh
Okawaru
Sif Muna
Zin
Beogh
Jiyva

Shops:
D:3 [   D:6 *


Message History

You burn the death yak. You hit the death yak. You burn the death yak.
You barely miss the five-headed hydra.
The five-headed hydra is moderately wounded.
You hit the death yak. You burn the death yak.
You hit the death yak but do no damage. You hit the death yak.
You burn the death yak.
You block the five-headed hydra's attack. x2
The five-headed hydra bites you but does no damage. x2
The five-headed hydra bites you. The death yak gores you!
* * * LOW HITPOINT WARNING * * *
The death yak gores you!!
* * * LOW HITPOINT WARNING * * *
The death yak gores you.
* * * LOW HITPOINT WARNING * * *
Okay, then.
You feel better. The five-headed hydra misses you.
The five-headed hydra bites you!
* * * LOW HITPOINT WARNING * * *
The five-headed hydra bites you but does no damage.
The five-headed hydra barely misses you.
The five-headed hydra bites you but does no damage.
The death yak gores you but does no damage. x2
Okay, then.
Aiming: Duel (36% risk of failure)
Press: ? - help, Dir - move target, f - death yak
Aim: a death yak (severely wounded)
You enter into single combat with the death yak!
The world spins around you as you enter the gateway.
You enter Okawaru's Arena!
The spectator shouts! x11
You block the death yak's attack.
Found a gate leading back out of this place.
There is an empty arch of ancient stone here.
You hit the death yak but do no damage.
The death yak is severely wounded.
You hit the death yak but do no damage.
The death yak is severely wounded.
The death yak gores you!
You die...
Okawaru crowns the death yak victorious!

###########
#p.p▓∩▓p.p#
#.▓▓▓▓▓▓▓.#
#p▓.....▓p#
#.▓.....▓.#
#p▓..@..▓p#
#.▓...Y.▓.#
#p▓.....▓p#
#.▓▓▓▓▓▓▓.#
#p.p.p.p.p#
###########


You could see a death yak.

Vanquished Creatures
  Gastronok (Lair:2)
  Snorg (Lair:3)
  A catoblepas (Lair:3)
  A boulder beetle (Lair:5)
  A hydra (Lair:5)
  7 death yaks
  The ghost of Esekla the Covert, a novice OpDe of Gozag (D:8)
  4 skysharks
  A wizard (D:8)
  An orc sorcerer (D:8)
  An ugly thing (IceCv)
  2 manticores
  3 ice statues (IceCv)
  15 elephants
  A torpor snail (Lair:4)
  10 cane toads
  A freezing wraith (IceCv)
  4 rime drakes
  8 komodo dragons
  2 polar bears
  A slime creature (D:7)
  A dire elephant simulacrum (IceCv)
  A wyvern (Lair:4)
  Eustachio (D:4)
  16 yaks
  A basilisk (Lair:5)
  Menkaure (D:7)
  A steam dragon (D:7)
  2 death yak simulacra (IceCv)
  6 vampire mosquitoes (Lair:2)
  A harpy simulacrum (IceCv)
  14 water moccasins
  2 hell hounds (Lair:3)
  A hydra simulacrum (IceCv)
  7 ice beasts
  5 orc warriors
  4 black bears
  An ogre (D:7)
  9 wolves
  2 phantoms
  2 centaurs
  A kobold brigand (D:5)
  6 scorpions
  6 bullfrogs
  5 wights (D:8)
  2 elephant simulacra (IceCv)
  A howler monkey (D:7)
  An electric eel (Lair:3)
  3 jellies (Lair:4)
  5 orc priests
  A gnoll bouda (D:6)
  3 hounds (D:5)
  Crazy Yiuf (D:2)
  Jessica (D:2)
  9 iguanas
  Terence (D:3)
  2 sleepcaps
  6 orc wizards
  2 polar bear simulacra (IceCv)
  6 gnolls
  9 adders
  2 shadow imps (D:7)
  3 white imps
  3 worms
  4 dart slugs (D:2)
  53 orcs
  3 ball pythons
  6 bats
  6 endoplasms
  3 giant cockroaches
  12 goblins
  12 hobgoblins
  4 jackals (D:2)
  3 quokkas
  4 frilled lizards
  11 kobolds
  3 rats (D:2)
348 creatures vanquished.

Vanquished Creatures (others)
  24 fungi
  30 plants
54 creatures vanquished.

Grand Total: 402 creatures vanquished

Notes
Turn   | Place    | Note
-------+----------+-------------------------------------------
     0 | D:1      | NateTC the Hill Orc Fighter began the quest for the Orb.
     0 | D:1      | Reached XP level 1. HP: 19/19 MP: 1/1
   227 | D:1      | Reached skill level 3 in Axes
   303 | D:1      | Found a faded altar of an unknown god.
   318 | D:1      | Reached XP level 2. HP: 13/27 MP: 2/2
   900 | D:2      | Reached XP level 3. HP: 34/34 MP: 3/3
   901 | D:2      | Noticed Jessica
   918 | D:2      | Killed Jessica
   919 | D:2      | Reached skill level 4 in Axes
   980 | D:2      | Reached XP level 4. HP: 39/41 MP: 4/4
  1048 | D:2      | Reached skill level 5 in Fighting
  1345 | D:2      | Found a runed translucent door.
  1346 | D:2      | Noticed Crazy Yiuf
  1475 | D:2      | Reached skill level 5 in Axes
  1628 | D:2      | Reached XP level 5. HP: 48/48 MP: 5/5
  1841 | D:2      | Killed Crazy Yiuf
  1903 | D:3      | Found an iron altar of Okawaru.
  1917 | D:3      | Became a worshipper of Warmaster Okawaru
  2136 | D:3      | Found Vualiclo's Antique Armour Shop.
  2362 | D:3      | Noticed Terence
  2367 | D:3      | Killed Terence
  2643 | D:3      | Reached XP level 6. HP: 53/57 MP: 6/6
  2686 | D:4      | Noticed a black bear
  2694 | D:4      | Killed a black bear
  2695 | D:4      | Reached skill level 6 in Axes
  2922 | D:4      | Noticed Eustachio
  2958 | D:4      | Killed Eustachio
  2959 | D:4      | Reached skill level 7 in Axes
  2959 | D:4      | Reached XP level 7. HP: 39/66 MP: 7/7
  3207 | D:4      | Reached * piety under Okawaru
  3377 | D:5      | Entered Level 5 of the Dungeon
  3424 | D:5      | Reached skill level 8 in Axes
  3587 | D:5      | Reached XP level 8. HP: 69/74 MP: 8/8
  3704 | D:5      | Found a glowing silver altar of Zin.
  3711 | D:5      | Found a shimmering blue altar of Sif Muna.
  3714 | D:5      | Reached skill level 9 in Axes
  3954 | D:5      | Reached ** piety under Okawaru
  4274 | D:5      | Found a burning altar of Makhleb.
  4497 | D:3      | Bought a runed hat for 161 gold pieces
  4544 | D:6      | Reached skill level 10 in Axes
  4632 | D:6      | Found Weroomax's Hallowed Reliquary.
  4635 | D:6      | Noticed an angel
  4639 | D:6      | Bought a potion of heal wounds for 75 gold pieces
  5284 | D:6      | Reached XP level 9. HP: 85/85 MP: 9/9
  5630 | D:6      | Reached *** piety under Okawaru
  6021 | D:7      | Reached skill level 5 in Armour
  6021 | D:7      | Reached skill level 5 in Shields
  6182 | D:7      | Found a sparkling altar of Nemelex Xobeh.
  6396 | D:7      | Noticed a manticore
  6414 | D:7      | Killed a manticore
  6414 | D:7      | Reached **** piety under Okawaru
  6781 | D:7      | Identified the +0 leather armour of Ylysasch {rPois Will-
                  | Str+2 Stlth+}
  6815 | D:7      | Reached XP level 10. HP: 34/92 MP: 10/10
  7037 | D:7      | Noticed Menkaure
  7042 | D:7      | Killed Menkaure
  7043 | D:7      | Reached skill level 1 in Dodging
  7074 | D:7      | Found a staircase to the Ecumenical Temple.
  7332 | D:8      | Found a roughly hewn altar of Beogh.
  7872 | D:8      | Noticed a manticore
  7887 | D:8      | Killed a manticore
  8181 | D:8      | Reached ***** piety under Okawaru
  8309 | D:8      | Found a staircase to the Lair.
  8323 | D:8      | Reached skill level 1 in Invocations
  8340 | D:8      | Reached skill level 1 in Evocations
  8425 | D:8      | Found a large runed translucent door.
  8425 | D:8      | Found a large runed translucent door.
  8427 | D:8      | Noticed Esekla's ghost (novice OpDe)
  8452 | D:8      | Noticed a wizard
  8452 | D:8      | Noticed an orc sorcerer
  8453 | D:8      | Found the amulet of the Four Winds {rN+ Will+++ Clar}
  8476 | D:8      | Noticed an orange demon
  8481 | D:8      | Noticed an orange demon
  8486 | D:8      | Killed an orc sorcerer
  8488 | D:8      | Killed a wizard
  8489 | D:8      | Reached skill level 5 in Invocations
  8489 | D:8      | Reached XP level 11. HP: 75/99 MP: 10/14
  8954 | D:8      | Killed Esekla's ghost
  9022 | Lair:1   | Entered Level 1 of the Lair of Beasts
  9230 | Lair:1   | Reached skill level 10 in Fighting
  9267 | Lair:1   | Found a frozen archway.
  9312 | IceCv    | Entered an ice cave
  9317 | IceCv    | Received a gift from Okawaru
  9500 | IceCv    | Noticed a white ugly thing
  9509 | IceCv    | Killed a white ugly thing
  9509 | IceCv    | Reached ****** piety under Okawaru
  9543 | IceCv    | Reached skill level 11 in Axes
 10034 | IceCv    | Identified the +8 arbalest of Ricuvap {heavy, Fly Int+3}
 10418 | Lair:2   | Noticed a death yak
 10418 | Lair:2   | Noticed a death yak
 10418 | Lair:2   | Noticed a death yak
 10418 | Lair:2   | Noticed a death yak
 10418 | Lair:2   | Noticed a death yak
 10427 | Lair:1   | Killed a death yak
 10520 | Lair:2   | Killed a death yak
 10520 | Lair:2   | Received a gift from Okawaru
 10521 | Lair:2   | Reached XP level 12. HP: 79/113 MP: 9/17
 10522 | Lair:2   | Killed a death yak
 10523 | Lair:2   | Reached skill level 12 in Axes
 10526 | Lair:2   | Killed a death yak
 10528 | Lair:2   | Killed a death yak
 10741 | Lair:2   | Received a gift from Okawaru
 10745 | Lair:2   | Found a staircase to the Swamp.
 10890 | Lair:2   | Noticed Gastronok
 10908 | Lair:2   | Killed Gastronok
 11087 | Lair:2   | Reached skill level 13 in Axes
 11745 | Lair:3   | Found a staircase to the Snake Pit.
 11769 | Lair:3   | Noticed Snorg
 11966 | Lair:3   | Killed Snorg
 11966 | Lair:3   | Received a gift from Okawaru
 12296 | Lair:3   | Noticed a catoblepas
 12303 | Lair:3   | Killed a catoblepas
 12304 | Lair:3   | Reached skill level 14 in Axes
 13072 | Lair:3   | Identified a scroll of acquirement
 13072 | Lair:3   | Acquired 640 gold pieces
 13292 | Lair:4   | Reached skill level 10 in Armour
 13329 | Lair:4   | Reached XP level 13. HP: 104/125 MP: 18/18
 13423 | Lair:4   | Found a viscous altar of Jiyva.
 13425 | Lair:4   | Found a staircase to the Slime Pits.
 13442 | Lair:4   | Reached skill level 15 in Axes
 13481 | Lair:4   | Identified the +0 pair of boots "Doway" {SInv} (Okawaru
                  | gifted it to you on level 4 of the Lair of Beasts)
 13481 | Lair:4   | Received a gift from Okawaru
 13735 | Lair:4   | Reached skill level 16 in Axes
 14165 | Lair:5   | Entered Level 5 of the Lair of Beasts
 14530 | Lair:5   | Reached skill level 17 in Axes
 15026 | Arena    | Entered the Arena
 15028 | Arena    | Slain by a death yak

Illustrated notes

Levels and vault maps discovered:
D:1:      dpeg_arrival_windows_large_door, layout_basic,
          hellmonk_ecumenical_altar_arch_garden, corner_web_ring
D:2:      minmay_thinvault, layout_basic, uniq_jessica, uniq_crazy_yiuf_cottage
D:3:      layout_loops_cross, lemuel_doored_altar, serial_shops,
          nicolae_shop_back_alley_shop, minmay_goblin_outpost, uniq_terence
D:4:      layout_rooms, corexii_leaking_fountain, uniq_eustachio
D:5:      layout_loops_ring, bloody_makhleb, jmf_multi_god_temple,
          kennysheep_generic_room_16
D:6:      layout_basic, nicolae_good_shop
D:7:      minmay_opposing_rooms, layout_loops_ring, nemelex_spade_bored_becter,
          temple_statues, grunt_ministairs_7, uniq_menkaure
D:8:      cheibrodos_wizards_tower, layout_gridville, hellmonk_lair_entry_icy,
          special_room [special_room_orc], ebering_ghost_disaster_area
Lair:1:   layout_roguey, portal_ice_cave_entry_pillars_2, grunt_megastairs_3
Lair:2:   layout_big_grid, minmay_swamp_entry_swarm, uniq_gastronok
Lair:3:   layout_layer_cave, dummy_snake_entry, enter_volcano_3,
          serial_bayou_shore_a, uniq_snorg
Lair:4:   layout_gridlike, nicolae_slime_entry_slimehenge, grunt_megastairs_1
Lair:5:   hellmonk_lair_end_abyssal_woods, layout_regular_city,
          grunt_forest_large_clearing_hut
Arena

Skill      XL: |  1  2  3  4  5  6  7  8  9 10 11 12 13 |
---------------+----------------------------------------+-----
Axes           | 3 4 5 7 8 10 11 14 17 | 17.9
Fighting       | 4 5 6 7 8 9 12 14 | 14.4
Shields        | 4 7 |  7.6
Armour         | 4 7 9 10 11 | 11.8
Dodging        | 4 |  4.8
Invocations    | 5 7 |  7.0
Evocations     | 2 3 |  3.6

Action                     |  1- 3 |  4- 6 |  7- 9 | 10-12 | 13-15 || total
---------------------------+-------+-------+-------+-------+-------++-------
  Melee: War axe           |    76 |   202 |   322 |   219 |       ||   819
         Broad axe         |       |       |       |   254 |   184 ||   438
         Hand axe          |       |       |       |       |    11 ||    11
 Invoke: Heroism           |       |       |       |     4 |       ||     4
         Finesse           |       |       |       |     2 |       ||     2
         Duel              |       |       |       |       |     1 ||     1
  Evoke: Wand              |       |       |       |     1 |       ||     1
    Use: Scroll            |     4 |     7 |     5 |     5 |     4 ||    25
         Potion            |       |     3 |       |     3 |     1 ||     7
 Armour: Scale mail        |    32 |   112 |    85 |       |       ||   229
         Plate armour      |       |       |    88 |   331 |   168 ||   587
  Dodge: Dodged            |    52 |    99 |   131 |   210 |    76 ||   568
         Repelled          |       |       |     3 |     6 |       ||     9
  Block: Buckler           |    17 |    58 |    77 |   175 |    48 ||   375

Table legend: (Time is in decaauts)
 A = Elapsed time spent in this place.
 B = Non-inter-level travel time spent in this place.
 C = Inter-level travel time spent in this place.
 D = Time resting spent in this place.
 E = Time spent auto-exploring this place.
 F = Levels seen in this place.
 G = Mean time per level.
                   A        B        C        D        E       F      G
               +--------+--------+--------+--------+--------+-----+--------+
         Total |  15106 |  14635 |    471 |   3327 |   8403 |  15 | 1007.1 |
       Dungeon |   9128 |   8787 |    341 |   1828 |   5228 |   8 | 1141.0 |
          Lair |   5210 |   5080 |    130 |    955 |   3175 |   5 | 1042.0 |
      Ice Cave |    765 |    765 |      0 |    544 |      0 |   1 |  765.0 |
         Arena |      1 |      1 |      0 |      0 |      0 |   1 |    1.0 |
               +--------+--------+--------+--------+--------+-----+--------+

Top non-repeatable levels by time:
     D:7: 1610 daAuts
     D:6: 1477 daAuts
     D:8: 1401 daAuts
  Lair:2: 1368 daAuts
  Lair:3: 1237 daAuts
     D:2: 1109 daAuts
     D:5: 1106 daAuts
  Lair:4: 1044 daAuts
     D:3: 847 daAuts
     D:1: 836 daAuts
  Lair:5: 829 daAuts
   IceCv: 765 daAuts
     D:4: 740 daAuts
  Lair:1: 731 daAuts
   Arena: 1 daAuts
